[Event "Slovakia Open Piestany-A 2022"]
[Site "Piestany"]
[Date "2022.07.16"]
[Round "7.2"]
[White "Donchenko, Alexander"]
[Black "Neugebauer, Martin"]
[Result "1-0"]
[ECO "A35"]
[WhiteElo "2640"]
[BlackElo "2528"]
[Annotator "ChessBase"]
[PlyCount "49"]
[EventDate "2022.07.12"]
[EventType "swiss"]
[EventCountry "SVK"]
[SourceTitle "playchess.com"]
[Source "ChessBase"]
[SourceQuality "1"]
[TimeControl "40/5400+30:1800+30"]

1. c4 c5 2. Nf3 Nc6 3. Nc3 g6 4. e3 Nf6 5. d4 cxd4 6. exd4 d5 7. cxd5 Nxd5 8. Qb3 Nxc3 9. Bc4 e6 10. bxc3 Na5 11. Bb5+ Bd7 12. Qa4 Nc6 13. d5 exd5 14. O-O Be7 15. Bh6 a6 16. Bxc6 bxc6 17. Rfe1 c5 18. Qf4 Be6 19. Ne5 Qc7 20. Qa4+ Kd8 21. Nc6+ Ke8 22. Rxe6 fxe6 23. Ne5+ Kd8 24. Nf7+ Kc8 25. Nxh8 1-0

[Event "Slovakia Open Piestany-A 2022"]
[Site "Piestany"]
[Date "2022.07.16"]
[Round "7.3"]
[White "Niedbala, Bartlomiej"]
[Black "Moroni, Luca Jr"]
[Result "1-0"]
[ECO "C72"]
[WhiteElo "2381"]
[BlackElo "2584"]
[Annotator "ChessBase"]
[PlyCount "117"]
[EventDate "2022.07.12"]
[EventType "swiss"]
[EventCountry "SVK"]
[SourceTitle "playchess.com"]
[Source "ChessBase"]
[SourceQuality "1"]
[TimeControl "40/5400+30:1800+30"]

1. e4 e5 2. Nf3 Nc6 3. Bb5 a6 4. Ba4 Nf6 5. O-O d6 6. Re1 Bd7 7. c4 Be7 8. Bxc6 Bxc6 9. Nc3 O-O 10. d4 exd4 11. Nxd4 Nd7 12. b3 Bf6 13. Be3 Re8 14. f3 Ne5 15. a4 Ng6 16. Qd2 Be5 17. Qf2 Nf4 18. Rad1 Bd7 19. Kh1 c5 20. Nde2 Nxe2 21. Nxe2 b5 22. axb5 axb5 23. Bf4 Qb8 24. Bxe5 Rxe5 25. Nf4 bxc4 26. bxc4 Be6 27. Nd3 Rh5 28. Nf4 Rh6 29. Nxe6 Rxe6 30. Qd2 h6 31. Ra1 Rxa1 32. Rxa1 Qb3 33. Rc1 Qa4 34. h3 Qa6 35. Qc3 Re8 36. Ra1 Qb6 37. Rd1 Qa6 38. Ra1 Qc8 39. Qd3 Qe6 40. Rd1 Ra8 41. Qd5 Ra6 42. Qd3 Qe5 43. Qb1 g6 44. Qb3 h5 45. Qb1 h4 46. Qb5 Ra8 47. Qb7 Ra1 48. Rxa1 Qxa1+ 49. Kh2 Qe5+ 50. Kh1 Kg7 51. Qd7 Qd4 52. Qa4 Kf6 53. Qd7 Qa1+ 54. Kh2 Qe5+ 55. Kh1 Kg7 56. Qc6 Kh6 57. Qd7 Qe6 58. Qd8 Kh5 59. f4 1-0

[Event "Slovakia Open Piestany-A 2022"]
[Site "Piestany"]
[Date "2022.07.16"]
[Round "7.4"]
[White "Kozak, Antoni"]
[Black "Czerw, Dawid"]
[Result "1-0"]
[ECO "D77"]
[WhiteElo "2475"]
[BlackElo "2391"]
[Annotator "ChessBase"]
[PlyCount "122"]
[EventDate "2022.07.12"]
[EventType "swiss"]
[EventCountry "SVK"]
[SourceTitle "playchess.com"]
[Source "ChessBase"]
[SourceQuality "1"]
[TimeControl "40/5400+30:1800+30"]

1. Nf3 Nf6 2. c4 e6 3. b3 b6 4. g3 Bb7 5. Bg2 g6 6. O-O Bg7 7. Bb2 O-O 8. d4 d5 9. cxd5 Bxd5 10. Nc3 Bb7 11. Qc2 Nbd7 12. Rad1 Qe7 13. e4 c5 14. d5 e5 15. Nd2 Ne8 16. Rfe1 Nd6 17. Nc4 Ba6 18. Nxd6 Qxd6 19. Bh3 Rac8 20. a4 Rc7 21. Nb5 Bxb5 22. axb5 Rd8 23. Ra1 Nf6 24. f4 Ne8 25. Rad1 Qe7 26. Qc3 f6 27. Be6+ Kh8 28. fxe5 fxe5 29. Rf1 Qd6 30. Rf3 Re7 31. Bh3 Nc7 32. Qd3 Rf8 33. Rxf8+ Bxf8 34. Rf1 Bg7 35. Rf3 Kg8 36. Qf1 Re8 37. Qc4 Ra8 38. Rf1 a5 39. bxa6 b5 40. Qe2 Rxa6 41. Bc1 Ra1 42. Qb2 Ra8 43. Be3 Na6 44. Be6+ Kh8 45. Rf7 Nb4 46. Rd7 Qa6 47. Qf2 Qa1+ 48. Kg2 Nd3 49. Qf7 Ra2+ 50. Kh3 Nf4+ 51. Qxf4 exf4 52. Rd8+ Bf8 53. Rxf8+ Kg7 54. Rf7+ Kh6 55. Rxf4 g5 56. Rf5 Qh1 57. Rxg5 Rxh2+ 58. Kg4 Qxe4+ 59. Bf4 Qe2+ 60. Kf5 Rh5 61. Rxh5+ Kxh5 1-0

[Event "Slovakia Open Piestany-A 2022"]
[Site "Piestany"]
[Date "2022.07.16"]
[Round "7.5"]
[White "Lewtak, Damian"]
[Black "Moksh Amit Doshi"]
[Result "1/2-1/2"]
[ECO "B51"]
[WhiteElo "2397"]
[BlackElo "2409"]
[Annotator "ChessBase"]
[PlyCount "23"]
[EventDate "2022.07.12"]
[EventType "swiss"]
[EventCountry "SVK"]
[SourceTitle "playchess.com"]
[Source "ChessBase"]
[SourceQuality "1"]
[TimeControl "40/5400+30:1800+30"]

1. Nf3 c5 2. e4 d6 3. Bb5+ Nd7 4. O-O Ngf6 5. Re1 a6 6. Bxd7+ Bxd7 7. d4 cxd4 8. Qxd4 g6 9. e5 dxe5 10. Qxe5 Bg7 11. Bg5 O-O 12. Nc3 1/2-1/2

[Event "Slovakia Open Piestany-A 2022"]
[Site "Piestany"]
[Date "2022.07.16"]
[Round "7.6"]
[White "Kostolansky, Sebastian Lukas"]
[Black "Demchenko, Anton"]
[Result "0-1"]
[ECO "B51"]
[WhiteElo "2406"]
[BlackElo "2653"]
[Annotator "ChessBase"]
[PlyCount "114"]
[EventDate "2022.07.12"]
[EventType "swiss"]
[EventCountry "SVK"]
[SourceTitle "playchess.com"]
[Source "ChessBase"]
[SourceQuality "1"]
[TimeControl "40/5400+30:1800+30"]

1. e4 c5 2. Nf3 d6 3. Bb5+ Nd7 4. O-O a6 5. Bd3 Ngf6 6. Re1 e5 7. c3 Be7 8. Bc2 b5 9. d4 O-O 10. Nbd2 Re8 11. b3 Bf8 12. Bb2 cxd4 13. cxd4 exd4 14. a4 b4 15. Nc4 Ne5 16. Qxd4 Nxf3+ 17. gxf3 Be6 18. Ne3 Nh5 19. Kh1 Qh4 20. Rg1 Qf4 21. Ng2 Qe5 22. Qxe5 dxe5 23. Bxe5 Bxb3 24. Bxb3 Rxe5 25. Ne3 Rc5 26. Nd5 a5 27. Rad1 g6 28. f4 Re8 29. f5 Kg7 30. fxg6 hxg6 31. Rd4 Rcc8 32. Rf1 Nf6 33. Nxf6 Kxf6 34. Rd7 Re7 35. Rxe7 Kxe7 36. f4 Rc3 37. Bd5 Bg7 38. e5 Rd3 39. Bc4 Rd2 40. h4 Rd4 41. Ba2 Bh6 42. f5 Rxh4+ 43. Kg1 Be3+ 44. Kg2 Bf4 45. fxg6 fxg6 46. Bb3 Rh2+ 47. Kg1 Bxe5 48. Rf7+ Kd6 49. Rb7 Rb2 50. Bf7 Bd4+ 51. Kh1 g5 52. Rb5 Bc5 53. Rxa5 g4 54. Ra6+ Ke7 55. Rc6 Bd4 56. Bg6 b3 57. Rc4 Rd2 0-1

[Event "Slovakia Open Piestany-A 2022"]
[Site "Piestany"]
[Date "2022.07.16"]
[Round "7.7"]
[White "Gretarsson, Helgi Ass"]
[Black "Samunenkov, Ihor"]
[Result "1/2-1/2"]
[ECO "D45"]
[WhiteElo "2472"]
[BlackElo "2448"]
[Annotator "ChessBase"]
[PlyCount "56"]
[EventDate "2022.07.12"]
[EventType "swiss"]
[EventCountry "SVK"]
[SourceTitle "playchess.com"]
[Source "ChessBase"]
[SourceQuality "1"]
[TimeControl "40/5400+30:1800+30"]

1. d4 d5 2. c4 e6 3. Nc3 c6 4. e3 Nf6 5. Nf3 Nbd7 6. Qc2 Bd6 7. b3 O-O 8. Be2 e5 9. cxd5 cxd5 10. Nb5 Bb4+ 11. Bd2 Bxd2+ 12. Nxd2 a6 13. dxe5 Nxe5 14. Nd4 Bg4 15. O-O Rc8 16. Qb2 Ne4 17. f3 Nxd2 18. Qxd2 Bd7 19. Rac1 Qb6 20. Rxc8 Rxc8 21. Rc1 Rxc1+ 22. Qxc1 Nc6 23. Qc3 Nxd4 24. Qxd4 Qxd4 25. exd4 a5 26. a3 g5 27. Bd3 h6 28. Kf2 f6 1/2-1/2

[Event "Slovakia Open Piestany-A 2022"]
[Site "Piestany"]
[Date "2022.07.16"]
[Round "7.8"]
[White "Krasenkow, Michal"]
[Black "Bhambure, Shantanu"]
[Result "1-0"]
[ECO "E43"]
[WhiteElo "2569"]
[BlackElo "2320"]
[Annotator "ChessBase"]
[PlyCount "91"]
[EventDate "2022.07.12"]
[EventType "swiss"]
[EventCountry "SVK"]
[SourceTitle "playchess.com"]
[Source "ChessBase"]
[SourceQuality "1"]
[TimeControl "40/5400+30:1800+30"]

1. d4 Nf6 2. c4 e6 3. Nc3 Bb4 4. e3 b6 5. Bd3 Bb7 6. Nf3 O-O 7. O-O c5 8. Bd2 cxd4 9. exd4 d5 10. cxd5 exd5 11. Ne5 Be7 12. Qf3 Nc6 13. Nxc6 Bxc6 14. Rfe1 Re8 15. Bf4 Qd7 16. h3 b5 17. Be5 b4 18. Nd1 Ne4 19. Ne3 f6 20. Bf4 f5 21. Be5 Rf8 22. Rac1 Rac8 23. Rc2 Bb7 24. Rec1 Rxc2 25. Rxc2 Bd8 26. Qe2 Bb6 27. Qe1 a5 28. f3 Nd6 29. Qg3 Ne8 30. Qf4 g6 31. Qh6 Ng7 32. Bb5 Qf7 33. Bc6 Bxc6 34. Rxc6 Bd8 35. Nxd5 Ne8 36. Nf4 Bf6 37. Ne6 Bxe5 38. dxe5 Qa7+ 39. Kh2 Rf7 40. Qf4 Re7 41. Qc4 Kh8 42. f4 Qd7 43. Nd4 Ng7 44. Rc8+ Ne8 45. Ra8 Qb7 46. Qc6 1-0

[Event "Slovakia Open Piestany-A 2022"]
[Site "Piestany"]
[Date "2022.07.16"]
[Round "7.9"]
[White "Savitha Shri B"]
[Black "Sahidi, Samir"]
[Result "1/2-1/2"]
[ECO "B90"]
[WhiteElo "2278"]
[BlackElo "2462"]
[Annotator "ChessBase"]
[PlyCount "89"]
[EventDate "2022.07.12"]
[EventType "swiss"]
[EventCountry "SVK"]
[SourceTitle "playchess.com"]
[Source "ChessBase"]
[SourceQuality "1"]
[TimeControl "40/5400+30:1800+30"]

1. e4 c5 2. Nf3 d6 3. d4 cxd4 4. Nxd4 Nf6 5. Nc3 a6 6. Be3 e5 7. Nb3 Be7 8. h3 Be6 9. Qf3 Nbd7 10. O-O-O Rc8 11. g4 h6 12. Rg1 Nh7 13. Kb1 b5 14. Nd5 O-O 15. Nxe7+ Qxe7 16. h4 f6 17. Be2 Nc5 18. Rd2 Rfd8 19. Rgd1 Na4 20. Qg3 Bc4 21. Bf3 g5 22. Qh3 Rd7 23. hxg5 hxg5 24. Qh6 Nf8 25. Rh1 Kf7 26. Qh5+ Ke6 27. Rhd1 Qd8 28. Qh1 Ng6 29. Be2 Qh8 30. Qf1 Qg8 31. Na5 Ke7 32. Bxc4 bxc4 33. c3 Nf4 34. Ka1 Nc5 35. Qxc4 Qxc4 36. Nxc4 Nxe4 37. Nb6 Rh8 38. Bxf4 gxf4 39. Re2 Ng5 40. Nxd7 Kxd7 41. Red2 Ne4 42. Re2 Ng5 43. Red2 Ne4 44. Re2 Ng5 45. Red2 1/2-1/2

[Event "Slovakia Open Piestany-A 2022"]
[Site "Piestany"]
[Date "2022.07.16"]
[Round "7.10"]
[White "Stefansson, Vignir Vatnar"]
[Black "Mullick, Raahil"]
[Result "1/2-1/2"]
[ECO "C67"]
[WhiteElo "2461"]
[BlackElo "2237"]
[Annotator "ChessBase"]
[PlyCount "80"]
[EventDate "2022.07.12"]
[EventType "swiss"]
[EventCountry "SVK"]
[SourceTitle "playchess.com"]
[Source "ChessBase"]
[SourceQuality "1"]
[TimeControl "40/5400+30:1800+30"]

1. e4 e5 2. Nf3 Nc6 3. Bb5 Nf6 4. O-O Nxe4 5. d4 Nd6 6. Bxc6 dxc6 7. dxe5 Nf5 8. Qxd8+ Kxd8 9. Rd1+ Ke8 10. Nc3 Bb4 11. Ne2 Ne7 12. h3 Bf5 13. Nfd4 Rd8 14. Bg5 Bc8 15. a3 Bc5 16. b4 Bxd4 17. Nxd4 h6 18. Bxe7 Kxe7 19. f4 h5 20. Kf2 f6 21. Rd3 fxe5 22. Re1 Rd5 23. c4 Rd6 24. Rxe5+ Kf6 25. Ke3 g6 26. Nf3 Bf5 27. Rd4 Rhd8 28. c5 Rd5 29. Rdxd5 cxd5 30. Kd4 c6 31. Nh2 Rh8 32. Nf1 a5 33. b5 cxb5 34. Ne3 Be6 35. Nxd5+ Kf7 36. Kc3 Rc8 37. Ne3 b6 38. Kd4 Rd8+ 39. Kc3 Rc8 40. Kd4 Rd8+ 1/2-1/2

[Event "Slovakia Open Piestany-A 2022"]
[Site "Piestany"]
[Date "2022.07.16"]
[Round "7.11"]
[White "Hrbek, Stepan"]
[Black "Haring, Filip"]
[Result "0-1"]
[ECO "D53"]
[WhiteElo "2272"]
[BlackElo "2451"]
[Annotator "ChessBase"]
[PlyCount "90"]
[EventDate "2022.07.12"]
[EventType "swiss"]
[EventCountry "SVK"]
[SourceTitle "playchess.com"]
[Source "ChessBase"]
[SourceQuality "1"]
[TimeControl "40/5400+30:1800+30"]

1. c4 e6 2. Nc3 d5 3. d4 a6 4. cxd5 exd5 5. Nf3 Nf6 6. Bg5 Be7 7. e3 Nbd7 8. Bd3 O-O 9. O-O c6 10. h3 Nh5 11. Bxe7 Qxe7 12. Ne5 g6 13. f4 Nxe5 14. fxe5 f6 15. g4 Ng7 16. Qf3 fxe5 17. Qxf8+ Qxf8 18. Rxf8+ Kxf8 19. dxe5 Bd7 20. e4 d4 21. Na4 Rd8 22. Nc5 Bc8 23. b4 Ke7 24. Rf1 Ne6 25. Bc4 b6 26. Nd3 Ng5 27. h4 Be6 28. Rc1 Nxe4 29. Bxe6 Kxe6 30. Rxc6+ Kd5 31. b5 Nc5 32. Nf2 axb5 33. Rxb6 Kc4 34. Rc6 Re8 35. Rc7 Rxe5 36. Rxh7 d3 37. h5 gxh5 38. Rxh5 Re1+ 39. Kg2 d2 40. Rh1 Rxh1 41. Kxh1 Ne4 42. Nd1 Kd3 43. Kg2 Ke2 44. Nb2 b4 45. Kh2 d1=Q 0-1

[Event "Slovakia Open Piestany-A 2022"]
[Site "Piestany"]
[Date "2022.07.16"]
[Round "7.12"]
[White "Piesik, Piotr"]
[Black "Straka, Jozef"]
[Result "1/2-1/2"]
[ECO "A09"]
[WhiteElo "2440"]
[BlackElo "2300"]
[Annotator "ChessBase"]
[PlyCount "27"]
[EventDate "2022.07.12"]
[EventType "swiss"]
[EventCountry "SVK"]
[SourceTitle "playchess.com"]
[Source "ChessBase"]
[SourceQuality "1"]
[TimeControl "40/5400+30:1800+30"]

1. Nf3 d5 2. g3 c5 3. Bg2 Nc6 4. c4 d4 5. d3 e5 6. O-O Nf6 7. e3 Be7 8. exd4 exd4 9. Re1 O-O 10. Bf4 Bd6 11. Ne5 Nxe5 12. Bxe5 Bxe5 13. Rxe5 Qc7 14. Re1 1/2-1/2

[Event "Slovakia Open Piestany-A 2022"]
[Site "Piestany"]
[Date "2022.07.16"]
[Round "7.13"]
[White "Turcan, Richard"]
[Black "Pacher, Milan"]
[Result "0-1"]
[ECO "D31"]
[WhiteElo "2304"]
[BlackElo "2399"]
[Annotator "ChessBase"]
[PlyCount "128"]
[EventDate "2022.07.12"]
[EventType "swiss"]
[EventCountry "SVK"]
[SourceTitle "playchess.com"]
[Source "ChessBase"]
[SourceQuality "1"]
[TimeControl "40/5400+30:1800+30"]

1. d4 d5 2. c4 e6 3. Nc3 a6 4. cxd5 exd5 5. Nf3 h6 6. Bf4 Nf6 7. Qc2 Nc6 8. e3 Bd6 9. Bg3 O-O 10. Be2 Ne7 11. Bd3 c6 12. O-O g6 13. Nh4 Kg7 14. Rab1 Bxg3 15. hxg3 Ng4 16. Nd1 f5 17. f3 Nf6 18. g4 fxg4 19. Bxg6 g3 20. Nc3 Qd6 21. Nf5+ Nxf5 22. Bxf5 Nh5 23. Bxc8 Raxc8 24. f4 Qe7 25. Rf3 Qh4 26. Ne2 Rce8 27. Qc3 Rg8 28. Kf1 Kf7 29. Ng1 Qh1 30. Qc2 Re4 31. Qb3 Re7 32. Qc2 Nf6 33. Qf5 h5 34. Re1 h4 35. Qh3 Qh2 36. Qf5 Rg6 37. Qh3 Ng4 38. f5 Rg8 39. Ke2 Re4 40. Kd2 Kf6 41. Qxh2 Nxh2 42. Rf4 Rge8 43. Rxe4 dxe4 44. Nh3 Kxf5 45. Rc1 Rd8 46. b4 Kg4 47. Ke2 Rd5 48. a4 Nf3 49. Rf1 Rf5 50. Rh1 a5 51. Rb1 Ng5 52. Nf4 h3 53. gxh3+ Nxh3 54. bxa5 Nxf4+ 55. exf4 Kxf4 56. Rxb7 Rxa5 57. Rb6 Rxa4 58. Rxc6 Ra2+ 59. Kf1 e3 60. Rf6+ Ke4 61. Rg6 Rf2+ 62. Ke1 g2 63. Rg4+ Kd3 64. Rg8 Rf1# 0-1

[Event "Slovakia Open Piestany-A 2022"]
[Site "Piestany"]
[Date "2022.07.16"]
[Round "7.14"]
[White "Sharma Isha"]
[Black "Favaloro, Andrea"]
[Result "0-1"]
[ECO "C54"]
[WhiteElo "2236"]
[BlackElo "2361"]
[Annotator "ChessBase"]
[PlyCount "66"]
[EventDate "2022.07.12"]
[EventType "swiss"]
[EventCountry "SVK"]
[SourceTitle "playchess.com"]
[Source "ChessBase"]
[SourceQuality "1"]
[TimeControl "40/5400+30:1800+30"]

1. e4 e5 2. Nf3 Nc6 3. Bc4 Bc5 4. c3 Nf6 5. d3 d6 6. Nbd2 O-O 7. h3 a5 8. O-O h6 9. Re1 a4 10. Bb5 Bd7 11. Bxa4 Rxa4 12. Qxa4 Nb4 13. Qd1 Nxd3 14. Rf1 Ba7 15. Qc2 Nf4 16. Nc4 N6h5 17. Kh2 f5 18. Bxf4 Nxf4 19. Ncd2 fxe4 20. Qxe4 Bc6 21. Qc4+ Kh8 22. g3 d5 23. Qb3 Nd3 24. Nh4 Rxf2+ 25. Rxf2 Bxf2 26. Ndf3 e4 27. Qc2 Qf6 28. Nd4 Bd7 29. Rd1 c5 30. Ndf3 Qd6 31. Rg1 exf3 32. Qxd3 Bxg1+ 33. Kh1 Bf2 0-1

[Event "Slovakia Open Piestany-A 2022"]
[Site "Piestany"]
[Date "2022.07.16"]
[Round "7.15"]
[White "Marek, Matyas"]
[Black "Domalchuk-Jonasson, Aleksandr"]
[Result "1-0"]
[ECO "C00"]
[WhiteElo "2354"]
[BlackElo "2244"]
[Annotator "ChessBase"]
[PlyCount "101"]
[EventDate "2022.07.12"]
[EventType "swiss"]
[EventCountry "SVK"]
[SourceTitle "playchess.com"]
[Source "ChessBase"]
[SourceQuality "1"]
[TimeControl "40/5400+30:1800+30"]

1. Nf3 Nf6 2. g3 e6 3. Bg2 d5 4. O-O Be7 5. d3 c5 6. Nbd2 Nc6 7. e4 b6 8. Re1 Bb7 9. a3 Qc7 10. Qe2 dxe4 11. dxe4 O-O 12. e5 Nd7 13. c3 Rfd8 14. h4 Nf8 15. h5 h6 16. Nc4 Qd7 17. Bf4 Qd3 18. Qxd3 Rxd3 19. Nd6 Bxd6 20. exd6 f6 21. Rad1 Rxd1 22. Rxd1 Rd8 23. b4 cxb4 24. axb4 Kf7 25. Nh4 Rd7 26. Bf1 Ke8 27. Be3 Rd8 28. f4 Nd7 29. Bc4 Nf8 30. Bb5 Kf7 31. Ba4 Rc8 32. Bb3 Nd8 33. c4 Nc6 34. Ra1 Ra8 35. Bd2 Rd8 36. c5 a5 37. Nf5 Nxb4 38. Bxb4 axb4 39. Ra7 Rd7 40. Rxb7 Rxb7 41. c6 Ra7 42. c7 Ra8 43. Ne7 Ke8 44. Ba4+ b5 45. Bxb5+ Nd7 46. Bc6 b3 47. Bxa8 Nb6 48. Bc6+ Kf7 49. c8=Q Nxc8 50. Nxc8 b2 51. Be4 1-0

[Event "Slovakia Open Piestany-A 2022"]
[Site "Piestany"]
[Date "2022.07.16"]
[Round "7.16"]
[White "Leszko, Bence"]
[Black "Bochnicka, Vladimir"]
[Result "1/2-1/2"]
[ECO "B30"]
[WhiteElo "2241"]
[BlackElo "2295"]
[Annotator "ChessBase"]
[PlyCount "82"]
[EventDate "2022.07.12"]
[EventType "swiss"]
[EventCountry "SVK"]
[SourceTitle "playchess.com"]
[Source "ChessBase"]
[SourceQuality "1"]
[TimeControl "40/5400+30:1800+30"]

1. e4 c5 2. Nf3 Nc6 3. Nc3 e5 4. Bc4 Be7 5. d3 d6 6. a4 Nf6 7. Bg5 O-O 8. Bxf6 Bxf6 9. Nd5 Bg5 10. Nxg5 Qxg5 11. Ne3 Qh4 12. h3 Be6 13. g3 Qf6 14. c3 Rad8 15. Nd5 Bxd5 16. Bxd5 Ne7 17. c4 Nc6 18. O-O Kh8 19. Qg4 Nd4 20. Kg2 Qh6 21. a5 Qd2 22. Rfd1 Qb4 23. Qg5 Nb3 24. Ra3 Nxa5 25. Qc1 f5 26. Qc3 Qxc3 27. bxc3 b6 28. f3 g6 29. Kf2 Kg7 30. Ke2 Kf6 31. Rh1 Rc8 32. Kd2 Rfe8 33. Ke3 Re7 34. Rha1 h5 35. h4 g5 36. hxg5+ Kxg5 37. exf5 Kxf5 38. Be4+ Kf6 39. Rh1 Rh8 40. Rh4 Rg7 41. Kf2 Rg5 1/2-1/2

[Event "Slovakia Open Piestany-A 2022"]
[Site "Piestany"]
[Date "2022.07.16"]
[Round "7.17"]
[White "Svana, Peter"]
[Black "Aradhya, Garg"]
[Result "0-1"]
[ECO "D15"]
[WhiteElo "2280"]
[BlackElo "2229"]
[Annotator "ChessBase"]
[PlyCount "54"]
[EventDate "2022.07.12"]
[EventType "swiss"]
[EventCountry "SVK"]
[SourceTitle "playchess.com"]
[Source "ChessBase"]
[SourceQuality "1"]
[TimeControl "40/5400+30:1800+30"]

1. d4 d5 2. c4 c6 3. Nf3 Nf6 4. Nc3 dxc4 5. e4 b5 6. e5 Nd5 7. Be2 e6 8. O-O Be7 9. Ne4 O-O 10. Qc2 h6 11. Bd2 Nd7 12. b3 c5 13. bxc4 bxc4 14. dxc5 Nxc5 15. Nxc5 c3 16. Bxc3 Bxc5 17. Bd2 Qe7 18. Rab1 a5 19. Qe4 Ba6 20. Bxa6 Rxa6 21. Qg4 Kh8 22. Bg5 Qa7 23. Qh5 Kg8 24. Rb3 Rb6 25. Rd3 Bxf2+ 26. Kxf2 Rb3+ 27. Be3 Rb2+ 0-1

[Event "Slovakia Open Piestany-A 2022"]
[Site "Piestany"]
[Date "2022.07.16"]
[Round "7.18"]
[White "Palchuk, Andrii"]
[Black "Travnicek, Krystof Mikulas"]
[Result "1-0"]
[ECO "D11"]
[WhiteElo "2248"]
[BlackElo "2138"]
[Annotator "ChessBase"]
[PlyCount "71"]
[EventDate "2022.07.12"]
[EventType "swiss"]
[EventCountry "SVK"]
[SourceTitle "playchess.com"]
[Source "ChessBase"]
[SourceQuality "1"]
[TimeControl "40/5400+30:1800+30"]

1. d4 d5 2. Nf3 Nf6 3. c4 c6 4. Qb3 e6 5. Bg5 a5 6. a3 Nbd7 7. Nbd2 a4 8. Qc2 Qa5 9. e3 Ne4 10. Bh4 Bd6 11. Be2 O-O 12. O-O f5 13. Nxe4 fxe4 14. Nd2 Nf6 15. f3 exf3 16. Nxf3 Bd7 17. c5 Be7 18. Bd3 h6 19. Ne5 Be8 20. Qe2 Qc7 21. g4 Bxc5 22. g5 hxg5 23. Bg3 Bd6 24. Qg2 g4 25. h3 Nd7 26. hxg4 Rxf1+ 27. Rxf1 Nxe5 28. dxe5 Bc5 29. Qh3 Bxe3+ 30. Kg2 g6 31. Bh4 Bh6 32. Bf6 Bg7 33. Rh1 Kf8 34. Qh7 Qf7 35. Rf1 Bxf6 36. Rxf6 1-0

[Event "Slovakia Open Piestany-A 2022"]
[Site "Piestany"]
[Date "2022.07.16"]
[Round "7.19"]
[White "Delgerdalai, Bayarjavkhlan"]
[Black "Farkas, Gabor"]
[Result "0-1"]
[ECO "C77"]
[WhiteElo "2209"]
[BlackElo "2335"]
[Annotator "ChessBase"]
[PlyCount "116"]
[EventDate "2022.07.12"]
[EventType "swiss"]
[EventCountry "SVK"]
[SourceTitle "playchess.com"]
[Source "ChessBase"]
[SourceQuality "1"]
[TimeControl "40/5400+30:1800+30"]

1. e4 e5 2. Nf3 Nc6 3. Bb5 a6 4. Ba4 Nf6 5. Nc3 Bd6 6. d3 h6 7. O-O b5 8. Bb3 Bb7 9. Nd5 Na5 10. d4 Nxb3 11. axb3 Nxe4 12. dxe5 Be7 13. b4 O-O 14. Qd4 f5 15. exf6 Nxf6 16. Nxe7+ Qxe7 17. Re1 Qf7 18. Ne5 Qh5 19. Bd2 Rae8 20. f3 d6 21. Ng4 Nd7 22. Bc3 Qg6 23. Qd3 Qxd3 24. cxd3 h5 25. Nf2 Nb6 26. Ne4 Nd5 27. Bd2 Re5 28. Rac1 Rfe8 29. Kf2 R5e7 30. h3 Kf7 31. g4 hxg4 32. hxg4 Rh8 33. Rh1 Ree8 34. Kg2 Rxh1 35. Rxh1 Nb6 36. Rc1 Re7 37. Rc2 Bd5 38. Bg5 Rd7 39. Re2 Bb3 40. Nd2 Bc2 41. Nc4 bxc4 42. Rxc2 cxd3 43. Rc3 Nd5 44. Rc4 Kg6 45. Bd2 Re7 46. Re4 Rxe4 47. fxe4 Nb6 48. b3 Nd7 49. Kf3 Ne5+ 50. Kf4 Kf6 51. g5+ Kg6 52. Bc3 Kh5 53. Be1 g6 54. Bd2 Kh4 55. Bc3 Kh3 56. Be1 c6 57. Bc3 Kg2 58. Ke3 Kg3 0-1

[Event "Slovakia Open Piestany-A 2022"]
[Site "Piestany"]
[Date "2022.07.16"]
[Round "7.20"]
[White "Drtina, Milan"]
[Black "Dixit, Nikhil"]
[Result "0-1"]
[ECO "C07"]
[WhiteElo "2167"]
[BlackElo "2325"]
[Annotator "ChessBase"]
[PlyCount "116"]
[EventDate "2022.07.12"]
[EventType "swiss"]
[EventCountry "SVK"]
[SourceTitle "playchess.com"]
[Source "ChessBase"]
[SourceQuality "1"]
[TimeControl "40/5400+30:1800+30"]

1. e4 e6 2. d4 d5 3. Nd2 c5 4. Ngf3 Nc6 5. Bb5 a6 6. Bxc6+ bxc6 7. O-O cxd4 8. Nxd4 c5 9. Nc6 Qd6 10. exd5 Qxd5 11. Qf3 Qxf3 12. Nxf3 Bb7 13. Nce5 Be7 14. b3 Nf6 15. Bb2 O-O 16. Rfd1 Rad8 17. a3 Ne4 18. Ne1 f6 19. Nc4 Nd6 20. Na5 Ba8 21. Nd3 Nf5 22. Re1 Kf7 23. f3 Nd4 24. Rac1 g5 25. Nf2 h5 26. c3 Nxb3 27. Nxb3 Rb8 28. Nxc5 Bxc5 29. Rc2 Rb3 30. Kf1 Bxa3 31. Bxa3 Rxa3 32. Nd1 Bc6 33. c4 Rb8 34. Nc3 a5 35. Nb1 Rab3 36. Nd2 Rb2 37. Rec1 a4 38. Ke2 g4 39. Kd3 R2b7 40. Ra1 Rd8+ 41. Ke3 f5 42. f4 Kf6 43. g3 h4 44. c5 hxg3 45. hxg3 Rh8 46. Ra3 Rh3 47. Kf2 Rh2+ 48. Kf1 Rbh7 49. Rb2 Rh1+ 50. Ke2 R7h2+ 51. Kd3 Rg2 52. Kc4 Rd1 53. Rd3 a3 54. Rb6 Rgxd2 55. Rxd2 Rxd2 56. Rxc6 Rg2 57. Ra6 Rxg3 58. Ra7 Rg1 0-1

[Event "Slovakia Open Piestany-A 2022"]
[Site "Piestany"]
[Date "2022.07.16"]
[Round "7.21"]
[White "Pniaczek, Marek"]
[Black "Warchol, Kamil"]
[Result "1-0"]
[ECO "B28"]
[WhiteElo "2312"]
[BlackElo "2121"]
[Annotator "ChessBase"]
[PlyCount "61"]
[EventDate "2022.07.12"]
[EventType "swiss"]
[EventCountry "SVK"]
[SourceTitle "playchess.com"]
[Source "ChessBase"]
[SourceQuality "1"]
[TimeControl "40/5400+30:1800+30"]

1. e4 c5 2. Nf3 a6 3. c3 d5 4. exd5 Qxd5 5. d4 Nc6 6. Be3 cxd4 7. cxd4 e6 8. Nc3 Qd8 9. Bc4 Nf6 10. O-O Be7 11. Rc1 Nb4 12. Ne5 O-O 13. Qf3 Rb8 14. Qg3 Nh5 15. Qh3 Nf6 16. a3 Nbd5 17. Bd3 Re8 18. Bg5 g6 19. Rfe1 Rf8 20. Bh6 Re8 21. Qg3 Qd6 22. Qf3 Nxc3 23. bxc3 Ra8 24. g4 g5 25. Bxg5 Kg7 26. Qh3 h5 27. gxh5 Rg8 28. h6+ Kf8 29. f4 Ne8 30. h7 Rh8 31. Qh5 1-0

[Event "Slovakia Open Piestany-A 2022"]
[Site "Piestany"]
[Date "2022.07.16"]
[Round "7.22"]
[White "Michelle Catherina, P."]
[Black "Matras, Ondrej"]
[Result "1-0"]
[ECO "C07"]
[WhiteElo "2141"]
[BlackElo "2229"]
[Annotator "ChessBase"]
[PlyCount "117"]
[EventDate "2022.07.12"]
[EventType "swiss"]
[EventCountry "SVK"]
[SourceTitle "playchess.com"]
[Source "ChessBase"]
[SourceQuality "1"]
[TimeControl "40/5400+30:1800+30"]

1. e4 e6 2. d4 d5 3. Nd2 a6 4. Ngf3 c5 5. dxc5 Bxc5 6. Bd3 Nf6 7. Qe2 Nc6 8. O-O Nb4 9. e5 Nd7 10. Nb3 Be7 11. Bd2 Nxd3 12. cxd3 Nb8 13. Nfd4 Bd7 14. Rfc1 Nc6 15. Nxc6 Bxc6 16. Ba5 Qd7 17. Nd4 Rc8 18. Qe1 O-O 19. Bb4 Bb5 20. Bxe7 Qxe7 21. Qd2 Qd7 22. b3 Rxc1+ 23. Rxc1 Rc8 24. Rxc8+ Qxc8 25. a4 Be8 26. Qc2 Qxc2 27. Nxc2 f6 28. f4 Bg6 29. Ne1 Bh5 30. a5 Bd1 31. b4 g5 32. g3 d4 33. fxg5 fxg5 34. Kf2 g4 35. Ng2 Kf7 36. Nf4 Ke7 37. Ke1 Bf3 38. Kd2 Kd7 39. Kc2 h6 40. Kb2 Kc6 41. Ka3 Kd7 42. Ka2 Kc6 43. Kb2 Kd7 44. Kb3 Bd5+ 45. Ka3 Kc6 46. Ka4 Bf3 47. b5+ axb5+ 48. Kb4 Bh1 49. Nxe6 Kd5 50. Nc5 Kc6 51. Nb3 Bf3 52. e6 Kd6 53. Nxd4 Bg2 54. Kxb5 Bf1 55. Kb6 Bg2 56. Nb3 Kxe6 57. Nc5+ Kd5 58. Nxb7 Kd4 59. a6 1-0